 Dungeon Crawl Stone Soup version 0.31-a0-233-g139696dc86 (webtiles) character file.

Game seed: 14732733194478130910

14735 quinnr the Destroyer (level 12, 0/70 HPs)
             Began as a Tengu Conjurer on July 7, 2023.
             Was an Elder of Vehumet.
             Slain by an alligator (26 damage)
             ... on level 2 of the Lair of Beasts on July 8, 2023.
             The game lasted 00:42:40 (19811 turns).

quinnr the Destroyer (Tengu Conjurer)              Turns: 19811, Time: 00:42:41

Health: 0/70       AC:  3    Str:  9    XL:     12   Next: 19%
Magic:  14/23      EV: 16    Int: 22    God:    Vehumet [****..]
Gold:   263        SH:  4    Dex: 13    Spells: 15/25 levels left

rFire   + . .        r - +2 dagger (venom)
rCold   + . .        R - +0 buckler
rNeg    . . .        a - +0 robe
rPois   +            s - +1 hat {Will+}
rElec   .            S - scarf {rC+ rF+}
rCorr   .            (no gloves)
SInv    .            (boots unavailable)
Will    +....        (no amulet)
Stlth   ++++         Z - ring of wizardry
HPRegen 0.31/turn    P - ring of poison resistance
MPRegen 0.18/turn

%: wizardry (x1)
@: flying quickly and evasively, quick
A: beak, talons 3, nimble flight
a: Renounce Religion


You were on level 2 of the Lair of Beasts.
You worshipped Vehumet.
Vehumet was greatly pleased with you.
You visited 3 branches of the dungeon, and saw 14 of its levels.

You collected 676 gold pieces.
You spent 413 gold pieces at shops.


Innate Abilities, Weirdness & Mutations

You have a beak for a mouth.
You have claws for feet.
Your magical nature lets you fly swiftly and evasively.


   Skills:
 + Level 6.1 Fighting
 - Level 5.0 Short Blades
 - Level 2.0 Armour
 * Level 6.1 Dodging
 - Level 9.0 Stealth
 + Level 2.8 Shields
 - Level 7.0 Spellcasting
 + Level 13.2 Conjurations
 - Level 5.0 Hexes
 + Level 3.5 Fire Magic
 - Level 4.0 Evocations


You had 15 spell levels left.
You knew the following spells:

 Your Spells              Type           Power      Damage    Failure   Level
d - Dazzling Flash        Conj/Hex       94%        N/A       1%          3
m - Magic Dart            Conj           100%       1d8       1%          1
s - Searing Ray           Conj           100%       2d8       1%          2
y - Sticky Flame          Conj/Fire      44%        2d6       1%          4

Your spell library contained the following spells:

 Spells                   Type           Power      Damage    Failure   Level
 Irradiate                Conj/Tmut      18%        3d17      2%          5
 Fulminant Prism          Conj/Hex       23%        3d12      1%          4
 Iskenderun's Mystic Bla  Conj/Tloc      36%        2d9       1%          4
 Frozen Ramparts          Ice            14%        1d3       4%          3
 Ice Form                 Ice/Tmut       7%         N/A       43%         4
 Summon Ice Beast         Ice/Summ       7%         N/A       43%         4

Inventory:

Hand Weapons
 k - a +2 dagger of draining
 r - a +2 dagger of venom (weapon)
Missiles
 H - a curare-tipped dart {=f}
 J - 23 poisoned darts
Armour
 a - a +0 robe (worn)
 o - +0 swamp dragon scales
 s - a +1 hat of willpower (worn)
 y - an orb of guile
 F - a +0 cloak
 R - a +0 buckler (worn)
 S - a scarf of resistance (worn)
Jewellery
 c - a ring of protection from cold
 e - a +5 ring of evasion
 z - a ring of wizardry
 C - a ring of protection from cold
 D - a +6 ring of dexterity
 E - a +5 ring of evasion
 I - a +6 ring of intelligence
 P - a ring of poison resistance (right hand)
 W - a ring of willpower
 Z - a ring of wizardry (left hand)
Wands
 v - a wand of polymorph (3)
 w - a wand of flame (39)
 B - a wand of charming (8)
 L - a wand of digging (6)
Scrolls
 d - 3 scrolls of fear {unknown}
 g - 2 scrolls of enchant armour {unknown}
 j - 3 scrolls of poison {unknown}
 l - 10 scrolls of fog
 m - 4 scrolls of immolation
 u - a scroll of vulnerability {unknown}
 x - 3 scrolls of silence {unknown}
 G - a scroll of summoning {unknown}
 K - 2 scrolls of enchant weapon {unknown}
 M - 2 scrolls of teleportation {@r2}
 O - 2 scrolls of revelation {unknown}
 Q - a scroll of brand weapon {unknown}
Potions
 b - a potion of magic
 f - 3 potions of heal wounds {@q2}
 h - 3 potions of curing {@q1}
 i - a potion of haste {@q3}
 n - 2 potions of resistance
 p - a potion of mutation {unknown}
 q - a potion of brilliance
 t - 2 potions of attraction
 A - a potion of ambrosia
 N - a potion of lignification

Dungeon Overview and Level Annotations

Branches:
Dungeon (11/15)            Temple (1/1) D:5            Lair (2/5) D:11
    Orc (0/2) D:9
  Swamp: Lair:2-3    Shoals: Lair:2-3     Snake: Lair:2-3    Spider: Lair:2-3

Altars:
Ashenzari
Cheibriados
Dithmenos
Elyvilon
Fedhas
Gozag
Hepliaklqana
Kikubaaqudgha
Makhleb
Nemelex Xobeh
Okawaru
Qazlal
Ru
Sif Muna
Trog
Uskayaw
Vehumet
Wu Jian
Xom
Yredelemnul
Zin
The Shining One

Shops:
D:5 *

Annotations:
D:11 2 runed translucent doors, exclusion: orange crystal statue

.... .......>#...
#.P.###...........
....?.#...........
..............)...
......#.......+...
...>...........##.
+#..P.............
.......@t.<.......
..................
..................
#..#..######.##.#.
## ### ## #


You could see an alligator (swift, extremely poisoned).


Message History

The sticky flame hits the alligator.
The alligator is lightly wounded.
The alligator is covered in liquid flames!
The alligator burns!
The alligator bites you!! The alligator closely misses you.
Unknown command.
You hit the alligator but do no damage.
The alligator is poisoned.
The alligator is lightly wounded.
The alligator burns!
You block the alligator's attack. The alligator barely misses you.
You hit the alligator.
The alligator looks as sick as possible!
You claw the alligator.
The alligator is moderately wounded.
The alligator burns!
The alligator is no longer blind.
The alligator puts on a burst of speed!
You barely miss the alligator. Your kick misses the alligator.
You peck the alligator, but do no damage.
The alligator is moderately wounded.
The alligator burns!
The alligator closely misses you. The alligator tail-slaps you!
* * * LOW HITPOINT WARNING * * *
Unknown command.
The alligator attacks as you move away! You block the alligator's attack.
The alligator tail-slaps you!
* * * LOW HITPOINT WARNING * * *
Unknown command.
The alligator burns!
The alligator stops burning.
The alligator bites you!!
You die...

Skill      XL: |  1  2  3  4  5  6  7  8  9 10 11 12 |
---------------+-------------------------------------+-----
Fighting       | 1 2 3 4 5 6 |  6.1
Dodging        | 3 5 6 |  6.1
Spellcasting   | 3 4 6 7 |  7.0
Conjurations   | 6 7 9 12 13 | 13.2
Short Blades   | 1 2 5 |  5.0
Hexes          | 2 5 |  5.0
Evocations     | 4 |  4.0
Stealth        | 3 8 9 |  9.0
Armour         | 1 2 |  2.0
Fire Magic     | 2 3 |  3.5
Shields        | 2 |  2.8

Action                     |  1- 3 |  4- 6 |  7- 9 | 10-12 || total
---------------------------+-------+-------+-------+-------++-------
  Melee: Unarmed           |    12 |     2 |    13 |       ||    27
         Kick              |     3 |       |    10 |    59 ||    72
         Peck              |     1 |     1 |    10 |    31 ||    43
         Dagger            |       |       |    44 |   133 ||   177
         Punch             |       |       |     1 |     1 ||     2
   Cast: Magic Dart        |    49 |    82 |    82 |    59 ||   272
         Searing Ray       |     3 |    10 |    58 |   110 ||   181
         Dazzling Flash    |       |       |    24 |    89 ||   113
         Sticky Flame      |       |       |       |    24 ||    24
  Evoke: Wand              |       |       |     1 |    17 ||    18
    Use: Scroll            |       |       |     4 |     6 ||    10
         Potion            |       |       |       |     7 ||     7
   Stab: Invisible         |       |       |     4 |    18 ||    22
         Sleeping          |       |       |     1 |     1 ||     2
 Armour: Robe              |     3 |       |    24 |    42 ||    69
         Skin              |       |       |     1 |     4 ||     5
  Dodge: Dodged            |    15 |     4 |   130 |   256 ||   405
  Block: Buckler           |       |       |       |     9 ||     9

Levels and vault maps discovered:
D:1:      dpeg_arrival_rooms_a, layout_basic
D:2:      layout_basic, grunt_ministairs_2, solitary_fountain,
          columned_hall_lemuel, kennysheep_generic_room_12, uniq_sigmund,
          uniq_terence, uniq_robin
D:3:      layout_basic, nicolae_uskayaw_dance_hall,
          hangedman_decor_clover_reticule, minmay_tree_intersection,
          uniq_natasha
D:4:      layout_basic, nicolae_the_louvre
D:5:      layout_loops_corners, minmay_temple_entry_statues_fountains,
          serial_shops, shop, serial_demonic, serial_demonic_a,
          serial_demonic_b, serial_demonic_a, serial_demonic_a,
          serial_demonic_g, serial_demonic_d, serial_demonic_e, uniq_pikel
D:6:      layout_cave_pods, ebering_ghost_sewer_f
D:7:      layout_loops_ring, uniq_maggie
D:8:      layout_basic, nzn_wu_jian_contemplation, uniq_maurice,
          uniq_prince_ribbit1, uniq_psyche
D:9:      layout_gridville, kennysheep_orc_monster_closet_entryway
D:10:     layout_irregular_city, chequers_temple_overflow_statue_of_worship
D:11:     layout_loops_ring, hellmonk_lair_entry_icy, dreamdust_princess_bridge,
          minmay_statue_crystal_thing
Temple:   nicolae_temple_no_exploring_needed
Lair:1:   layout_hall_layers, chequers_serial_rivers_large_b
Lair:2:   layout_chaotic_city, basic_altar, lemuel_fruit_fields, uniq_sonja

Notes
Turn   | Place    | Note
-------+----------+-------------------------------------------
     0 | D:1      | quinnr the Tengu Conjurer began the quest for the Orb.
     0 | D:1      | Reached XP level 1. HP: 10/10 MP: 4/4
    69 | D:1      | Reached skill level 1 in Fighting
   198 | D:1      | Reached XP level 2. HP: 16/16 MP: 4/6
   331 | D:1      | Reached skill level 2 in Fighting
   508 | D:2      | Noticed Robin
   535 | D:1      | Killed Robin
   536 | D:1      | Reached skill level 3 in Dodging
   536 | D:1      | Reached XP level 3. HP: 6/21 MP: 1/7
   659 | D:1      | Learned a level 2 spell: Searing Ray
  1027 | D:2      | Noticed Terence
  1046 | D:2      | Killed Terence
  1047 | D:2      | Reached skill level 3 in Spellcasting
  1047 | D:2      | Reached XP level 4. HP: 26/26 MP: 0/9
  1709 | D:2      | Reached skill level 6 in Conjurations
  1709 | D:2      | Gained mutation: Your magical nature lets you fly swiftly
                  | and evasively. [Tengu growth]
  1709 | D:2      | Reached XP level 5. HP: 30/30 MP: 4/10
  2066 | D:3      | Noticed Natasha
  2073 | D:3      | Killed Natasha
  2223 | D:3      | Noticed Natasha
  2227 | D:3      | Killed Natasha
  2228 | D:3      | Reached skill level 7 in Conjurations
  2259 | D:3      | Noticed Natasha
  2454 | D:3      | Found a hide-covered altar of Uskayaw.
  2466 | D:3      | Reached skill level 3 in Fighting
  2466 | D:3      | Reached skill level 1 in Short Blades
  2466 | D:3      | Reached XP level 6. HP: 37/37 MP: 3/11
  2601 | D:3      | Reached skill level 2 in Short Blades
  3084 | D:4      | Reached skill level 4 in Spellcasting
  3084 | D:4      | Reached XP level 7. HP: 15/41 MP: 5/14
  3088 | D:4      | Learned a level 3 spell: Dazzling Flash
  3788 | D:4      | Reached skill level 8 in Conjurations
  3788 | D:4      | Reached skill level 1 in Hexes
  3925 | D:5      | Entered Level 5 of the Dungeon
  4305 | D:5      | Noticed Pikel
  4525 | D:5      | Reached skill level 2 in Hexes
  4640 | D:5      | Reached skill level 9 in Conjurations
  4640 | D:5      | Reached XP level 8. HP: 46/46 MP: 7/15
  5012 | D:5      | Reached skill level 3 in Hexes
  5056 | D:5      | Found Acaenuid's Assorted Antiques.
  5068 | D:5      | Killed Pikel
  5069 | D:5      | Reached skill level 5 in Hexes
  5169 | D:5      | Bought an embroidered hat for 182 gold pieces
  5176 | D:5      | Bought a scroll labelled ZELAES NOTU for 26 gold pieces
  5176 | D:5      | Bought a scroll labelled OCWUEQ LEOXKUINUJI for 26 gold
                  | pieces
  5176 | D:5      | Bought a scroll labelled ITALUR YMO for 26 gold pieces
  5176 | D:5      | Bought a silvery potion for 23 gold pieces
  5267 | D:5      | Found a staircase to the Ecumenical Temple.
  5310 | Temple   | Entered the Ecumenical Temple
  5319 | Temple   | Became a worshipper of Vehumet
  5649 | D:5      | Reached skill level 4 in Fighting
  5649 | D:5      | Reached XP level 9. HP: 51/52 MP: 10/17
  5788 | D:5      | Reached skill level 5 in Spellcasting
  6007 | D:5      | Reached skill level 3 in Short Blades
  6469 | D:6      | Found a runed translucent door.
  6469 | D:6      | Noticed AwFulAwFulPlayer's ghost (novice OpGl)
  6640 | D:6      | Reached skill level 4 in Short Blades
  6697 | D:6      | Reached * piety under Vehumet
  6697 | D:6      | Offered knowledge of Shock by Vehumet.
  6892 | D:6      | Reached skill level 5 in Short Blades
  7218 | D:7      | Reached skill level 1 in Evocations
  7287 | D:7      | Reached skill level 2 in Evocations
  7413 | D:6      | Found a runed translucent door.
  7675 | D:7      | Reached skill level 3 in Evocations
  7684 | D:7      | Reached skill level 6 in Spellcasting
  7901 | D:7      | Noticed Maggie
  7914 | D:7      | Maggie changed into Maggie the water moccasin
  7914 | D:7      | Noticed Maggie
  7917 | D:7      | Killed Maggie the water moccasin
  7918 | D:7      | Reached skill level 4 in Evocations
  8228 | D:7      | Reached skill level 3 in Stealth
  8240 | D:7      | Reached XP level 10. HP: 21/56 MP: 4/20
  8544 | D:6      | Killed AwFulAwFulPlayer's ghost
  8545 | D:6      | Reached skill level 4 in Stealth
  8545 | D:6      | Reached skill level 10 in Conjurations
  9032 | D:7      | Reached ** piety under Vehumet
  9032 | D:7      | Offered knowledge of Poisonous Vapours by Vehumet.
  9431 | D:3      | Found a hide-covered altar of Uskayaw.
  9686 | D:3      | Killed Natasha
  9913 | D:2      | You are sucked into a shaft and drop 2 floors!
 10135 | D:2      | Noticed Sigmund
 10147 | D:2      | Killed Sigmund
 10148 | D:2      | Reached skill level 5 in Stealth
 10521 | D:8      | Found an ornate altar of the Wu Jian Council.
 10557 | D:8      | Reached skill level 11 in Conjurations
 10797 | D:8      | Reached skill level 12 in Conjurations
 10983 | D:8      | Noticed Prince Ribbit
 10993 | D:8      | Killed Prince Ribbit
 11496 | D:8      | Reached skill level 6 in Stealth
 11789 | D:8      | Noticed Psyche
 11797 | D:8      | Killed Psyche
 11855 | D:8      | Offered knowledge of Volatile Blastmotes by Vehumet.
 11968 | D:8      | Noticed Maurice
 11985 | D:8      | Killed Maurice
 11986 | D:8      | Reached skill level 7 in Stealth
 12135 | D:8      | Reached skill level 8 in Stealth
 12512 | D:8      | Reached skill level 1 in Armour
 12512 | D:8      | Reached XP level 11. HP: 27/61 MP: 15/21
 12516 | D:8      | Reached *** piety under Vehumet
 12679 | D:8      | Reached skill level 2 in Armour
 13005 | D:9      | Reached skill level 9 in Stealth
 13333 | D:9      | Found a staircase to the Orcish Mines.
 13636 | D:9      | Noticed a two-headed ogre
 14054 | D:9      | a two-headed ogre changed into a yaktaur
 14235 | D:10     | Entered Level 10 of the Dungeon
 14457 | D:9      | Offered knowledge of Sticky Flame by Vehumet.
 14604 | D:9      | Identified the +0 scale mail "Qauquaz" {Int+3}
 14617 | D:9      | Learned a level 4 spell: Sticky Flame
 15158 | D:10     | Found a bloodstained altar of Trog.
 15158 | D:10     | Found a glowing silver altar of Zin.
 15177 | D:10     | Reached skill level 5 in Fighting
 15724 | D:5      | Bought a jade ring for 130 gold pieces
 16366 | D:10     | Reached skill level 1 in Fire Magic
 16919 | D:11     | Found a runed translucent door.
 16931 | D:11     | Noticed a red ugly thing
 16950 | D:11     | Killed a red ugly thing
 17176 | D:11     | Reached skill level 4 in Dodging
 17381 | D:11     | Reached skill level 1 in Shields
 17414 | D:11     | Noticed a purple ugly thing
 17429 | D:11     | Killed a purple ugly thing
 17430 | D:11     | Reached skill level 2 in Fire Magic
 17488 | D:11     | Found a staircase to the Lair.
 17730 | D:11     | Reached **** piety under Vehumet
 17739 | D:11     | Reached skill level 7 in Spellcasting
 17862 | D:11     | Offered knowledge of Irradiate by Vehumet.
 17872 | D:11     | Reached skill level 13 in Conjurations
 17990 | D:11     | Reached skill level 5 in Dodging
 17990 | D:11     | Reached skill level 2 in Shields
 18145 | D:11     | Reached XP level 12. HP: 69/69 MP: 4/23
 18392 | D:11     | Found a runed translucent door.
 18415 | D:11     | Found a runed translucent door.
 18433 | D:11     | Found a runed translucent door.
 18729 | Lair:1   | Entered Level 1 of the Lair of Beasts
 18752 | Lair:1   | Identified a scarf of resistance
 18802 | Lair:1   | Reached skill level 3 in Fire Magic
 19269 | Lair:1   | Reached skill level 6 in Fighting
 19292 | Lair:1   | Reached skill level 6 in Dodging
 19799 | Lair:2   | Noticed a boulder beetle
 19802 | Lair:2   | a boulder beetle changed into an alligator
 19802 | Lair:2   | Noticed an alligator
 19811 | Lair:2   | Slain by an alligator

Vanquished Creatures
  Pikel (D:5)
  2 ugly things (D:11)
  The ghost of AwFulAwFulPlayer the Spear-Bearer, a novice OpGl of Lugonu (D:6)
  Maurice (D:8)
  A gargoyle (D:11)
  2 komodo dragons
  Psyche (D:8)
  A rime drake (D:11)
  2 kobold demonologists (D:9)
  A yaktaur (D:9)
  A hornet (D:10)
  2 trolls
  2 polar bears (D:11)
  Prince Ribbit (D:8)
  Sigmund (D:2)
  A shadow (D:11)
  A wyvern (D:8)
  18 yaks
  6 water moccasins
  8 ice beasts
  2 sky beasts
  6 orc warriors
  A black bear (D:7)
  A wolf (D:11)
  7 ogres
  8 centaurs
  3 lemures (D:5)
  10 bullfrogs
  3 gnoll sergeants (D:9)
  4 kobold brigands
  3 scorpions
  3 wights (D:3)
  7 killer bees
  3 quasits (D:5)
  6 orc priests
  2 jellies
  2 hounds
  Terence (D:2)
  An iguana (D:6)
  Natasha (thrice) (D:3)
  15 orc wizards
  Robin (D:1)
  8 gnolls
  17 adders
  4 shadow imps
  3 white imps
  5 ufetubi
  3 worms
  3 dart slugs
  47 orcs
  8 ball pythons
  6 endoplasms
  3 giant cockroaches
  15 goblins
  6 hobgoblins
  8 jackals
  14 kobolds
  4 quokkas
  5 bats (D:1)
  4 rats
309 creatures vanquished.

Vanquished Creatures (others)
  An orc warrior (D:9)
  A kobold brigand (D:9)
2 creatures vanquished.

Grand Total: 311 creatures vanquished

Table legend: (Time is in decaauts)
 A = Elapsed time spent in this place.
 B = Non-inter-level travel time spent in this place.
 C = Inter-level travel time spent in this place.
 D = Time resting spent in this place.
 E = Time spent auto-exploring this place.
 F = Levels seen in this place.
 G = Mean time per level.
                   A        B        C        D        E       F      G
               +--------+--------+--------+--------+--------+-----+--------+
         Total |  18841 |  16979 |   1862 |   2506 |  11522 |  14 | 1345.8 |
       Dungeon |  17815 |  16025 |   1790 |   2506 |  10745 |  11 | 1619.5 |
        Temple |     15 |      8 |      7 |      0 |      0 |   1 |   15.0 |
          Lair |   1010 |    947 |     63 |      0 |    776 |   2 |  505.0 |
               +--------+--------+--------+--------+--------+-----+--------+

Top non-repeatable levels by time:
     D:8: 2614 daAuts
     D:5: 2295 daAuts
     D:9: 2045 daAuts
     D:6: 1653 daAuts
     D:7: 1627 daAuts
    D:11: 1465 daAuts
     D:3: 1444 daAuts
    D:10: 1312 daAuts
     D:2: 1216 daAuts
     D:4: 1110 daAuts
     D:1: 1028 daAuts
  Lair:1: 997 daAuts
  Temple: 15 daAuts
  Lair:2: 12 daAuts

Table legend:
 A = Non-vault XP
 B = Vault XP
 C = Vault XP percentage of total XP
 D = Non-vault monster count
 E = Vault monster count
 F = Vault count percentage of total count
                 A         B        C        D         E       F
            +---------+---------+-------+---------+---------+-------
      Total |   14648 |    6403 |  30.4 |     238 |      68 |  22.2
            +---------+---------+-------+---------+---------+-------
        D:1 |      28 |      15 |  34.9 |      17 |       1 |   5.6
        D:2 |      80 |     302 |  79.1 |      16 |      17 |  51.5
        D:3 |     352 |      35 |   9.0 |      21 |       1 |   4.5
        D:4 |     263 |       0 |   0.0 |      22 |       0 |   0.0
        D:5 |    1078 |     843 |  43.9 |      26 |      10 |  27.8
        D:6 |     596 |     803 |  57.4 |      16 |       6 |  27.3
        D:7 |    1423 |     151 |   9.6 |      23 |       1 |   4.2
        D:8 |    2850 |    1062 |  27.1 |      36 |       3 |   7.7
        D:9 |    1674 |    1233 |  42.4 |      13 |      18 |  58.1
       D:10 |    1250 |       0 |   0.0 |      14 |       0 |   0.0
       D:11 |    2596 |    1959 |  43.0 |      21 |      11 |  34.4
     Lair:1 |    2120 |       0 |   0.0 |      12 |       0 |   0.0
     Lair:2 |     338 |       0 |   0.0 |       1 |       0 |   0.0
            +---------+---------+-------+---------+---------+-------

Levels and vault maps discovered:
D:1:      dpeg_arrival_rooms_a, layout_basic
D:2:      layout_basic, grunt_ministairs_2, solitary_fountain,
          columned_hall_lemuel, kennysheep_generic_room_12, uniq_sigmund,
          uniq_terence, uniq_robin
D:3:      layout_basic, nicolae_uskayaw_dance_hall,
          hangedman_decor_clover_reticule, minmay_tree_intersection,
          uniq_natasha
D:4:      layout_basic, nicolae_the_louvre
D:5:      layout_loops_corners, minmay_temple_entry_statues_fountains,
          serial_shops, shop, serial_demonic, serial_demonic_a,
          serial_demonic_b, serial_demonic_a, serial_demonic_a,
          serial_demonic_g, serial_demonic_d, serial_demonic_e, uniq_pikel
D:6:      layout_cave_pods, ebering_ghost_sewer_f
D:7:      layout_loops_ring, uniq_maggie
D:8:      layout_basic, nzn_wu_jian_contemplation, uniq_maurice,
          uniq_prince_ribbit1, uniq_psyche
D:9:      layout_gridville, kennysheep_orc_monster_closet_entryway
D:10:     layout_irregular_city, chequers_temple_overflow_statue_of_worship
D:11:     layout_loops_ring, hellmonk_lair_entry_icy, dreamdust_princess_bridge,
          minmay_statue_crystal_thing
Temple:   nicolae_temple_no_exploring_needed
Lair:1:   layout_hall_layers, chequers_serial_rivers_large_b
Lair:2:   layout_chaotic_city, basic_altar, lemuel_fruit_fields, uniq_sonja
